 Dungeon Crawl Stone Soup version 0.30-b1-2-g02819fbbbe (webtiles) character file.

Game seed: 1234078936955513978

26567 sanka the Spry (level 12, -3/77 HPs)
             Began as a Deep Elf Artificer on May 11, 2023.
             Was an Elder of Vehumet.
             Succumbed to a cane toad's poison
             ... on level 2 of the Lair of Beasts.
             The game lasted 00:40:43 (14318 turns).

sanka the Spry (Deep Elf Artificer)                Turns: 14318, Time: 00:40:44

Health: -3/77      AC: 10    Str:  7    XL:     12   Next: 99%
Magic:  26/26      EV: 23    Int: 22    God:    Vehumet [****..]
Gold:   539        SH:  0    Dex: 21    Spells: 14/27 levels left

rFire   + + +        b - staff of fire
rCold   . . .        (no shield)
rNeg    . . .        K - +1 robe of Lekaduta {rF++ Will+ Str-2 Archmagi}
rPois   .            V - +2 helmet "Kicajuc" {Stlth+}
rElec   .            (no cloak)
rCorr   .            i - +2 pair of gloves
SInv    +            z - +0 pair of boots
Will    ++...        l - amulet of magic regeneration
Stlth   +++          U - +6 ring of dexterity
HPRegen 0.32/turn    P - ring of see invisible
MPRegen 0.60/turn

%: archmagi
@: lethally poisoned (-3 -> -31)
A: no striking features
a: Renounce Religion


You were on level 2 of the Lair of Beasts.
You worshipped Vehumet.
Vehumet was greatly pleased with you.
You visited 3 branches of the dungeon, and saw 14 of its levels.
You also visited: Ossuary.

You collected 748 gold pieces.
You spent 209 gold pieces at shops.

Inventory:

Hand Weapons
 e - a +1 whip of electrocution
 O - the +9 flail of the Owl {heavy, *Corrode Dex+3 Stlth+}
   (You found it on level 9 of the Dungeon)

   Dex:       It affects your dexterity (+3).
   *Corrode:  It may corrode you when you take damage.
   Stlth:     It makes you more stealthy.
 W - the +7 flail "Tattletale" {freeze, *Corrode rElec rF++}
   (You found it on level 1 of the Lair of Beasts)

   rF:        It greatly protects you from fire.
   rElec:     It insulates you from electricity.
   *Corrode:  It may corrode you when you take damage.
Missiles
 o - 30 poisoned darts
 u - 2 throwing nets {=f}
Armour
 i - a +2 pair of gloves (worn)
 z - a +0 pair of boots (worn)
 K - the +1 robe of Lekaduta (worn) {rF++ Will+ Str-2 Archmagi}
   (You found it on level 6 of the Dungeon)

   Str:       It affects your strength (-2).
   rF:        It greatly protects you from fire.
   Archmagi:  It increases the power of your magical spells.
   Will:      It increases your willpower.
 V - the +2 helmet "Kicajuc" (worn) {Stlth+}
   (You found it on level 11 of the Dungeon)

   Stlth:     It makes you more stealthy.
Magical Staves
 a - a staff of earth
 b - a staff of fire (weapon)
 S - a staff of air
Jewellery
 j - a ring of flight
 l - an amulet of magic regeneration (around neck)
 P - a ring of see invisible (right hand)
 U - a +6 ring of dexterity (left hand)
Wands
 c - a wand of flame (36)
 d - a wand of charming (11)
 L - a wand of iceblast (12)
 N - a wand of acid (11)
 Q - a wand of mindburst (8)
 R - a wand of polymorph (4)
Scrolls
 f - 4 scrolls of poison {!r}
 h - 2 scrolls of immolation {!r}
 k - 6 scrolls of teleportation {@r4}
 m - 2 scrolls of vulnerability {unknown}
 p - 6 scrolls of noise {!r}
 s - 5 scrolls of magic mapping
 t - 2 scrolls of amnesia {unknown}
 y - 4 scrolls of fog
 B - 2 scrolls of blinking
 E - 4 scrolls of butterflies
 F - 2 scrolls of fear
 H - a scroll of brand weapon {unknown}
 M - a scroll of enchant armour {unknown}
 T - a scroll of torment {unknown}
Potions
 g - 5 potions of flight {unknown}
 n - a potion of invisibility {unknown}
 q - 5 potions of curing {@q1}
 r - 6 potions of brilliance {unknown}
 v - 3 potions of haste {@q3}
 w - a potion of ambrosia {unknown}
 x - a potion of attraction {unknown}
 A - 2 potions of resistance {unknown}
 C - 4 potions of heal wounds {@q2}
 D - 2 potions of magic {unknown}
 G - 7 potions of might {unknown}
 I - 4 potions of mutation {!q}
 J - 2 potions of lignification {unknown}


   Skills:
 - Level 10.0 Fighting
 - Level 0.7 Armour
 - Level 15.0 Dodging
 - Level 1.2 Stealth
 - Level 8.0 Spellcasting
 - Level 9.0 Conjurations
 + Level 8.8 Fire Magic
 - Level 3.0 Air Magic
 - Level 5.0 Earth Magic
 - Level 3.4 Evocations


You had 14 spell levels left.
You knew the following spells:

 Your Spells              Type           Power      Damage    Failure   Level
a - Shock                 Conj/Air       100%       1d9       1%          1
b - Stone Arrow           Conj/Erth      100%       3d13      1%          3
c - Passwall              Tmut/Erth      24%        N/A       4%          2
d - Swiftness             Air            33%        N/A       6%          3
e - Flame Wave            Conj/Fire      82%        2d18      1%          4

Your spell library contained the following spells:

 Spells                   Type           Power      Damage    Failure   Level
 Mephitic Cloud           Conj/Pois/Air  39%        N/A       1%          3
 Sandblast                Erth           92%        2d19      1%          1
 Scorch                   Fire           100%       2d9       1%          2
 Airstrike                Air            16%        2d(3-19)  6%          4
 Ozocubu's Armour         Ice            13%        N/A       22%         3
 Metabolic Englaciation   Hex/Ice        6%         N/A       90%         5
 Summon Forest            Summ/Tloc      6%         N/A       90%         5
 Summon Mana Viper        Hex/Summ       13%        N/A       90%         5
 Simulacrum               Ice/Necr       6%         N/A       100%        6
 Summon Cactus Giant      Summ           6%         N/A       100%        6


Dungeon Overview and Level Annotations

Branches:
Dungeon (11/15)            Temple (1/1) D:6            Lair (2/5) D:11
Ossuary (visited)
  Swamp: Lair:2-3    Shoals: Lair:2-3     Snake: Lair:2-3    Spider: Lair:2-3
    Orc: D:9-12

Altars:
Ashenzari
Cheibriados
Dithmenos
Elyvilon
Fedhas
Gozag
Hepliaklqana
Kikubaaqudgha
Makhleb
Nemelex Xobeh
Okawaru
Qazlal
Ru
Sif Muna
Trog
Uskayaw
Vehumet
Wu Jian
Xom
Yredelemnul
Zin
The Shining One

Shops:
D:3 !   D:4 =?*   D:8 !

Annotations:
D:4 1 runed translucent door
Lair:2 Erica


Message History

Vehumet accepts your kill.
The flame wave engulfs the water moccasin!
You kill the water moccasin!
Vehumet accepts your kill.
A cane toad comes into view.
The yak misses you.
Unknown command.
Unknown command.
A wave of flame ripples out!
The flame wave engulfs the yak!
You kill the yak!
Vehumet accepts your kill.
You feel your power returning.
Unknown command.
Unknown command.
You feel a surge of power!
The stone arrow misses Erica.
You feel a surge of power!
The stone arrow hits Erica!!
Erica is moderately wounded.
Erica casts a spell at you. The bolt of poison hits you!!
You are poisoned.
You feel very sick.
You feel very sick.
You feel sick. The cane toad stings you!
You are more poisoned.
The cane toad poisons you!
You feel extremely sick. The cane toad stings you!
* * * LOW HITPOINT WARNING * * *
* * * LOW HITPOINT WARNING * * *
You feel very sick.
You feel much better.
You feel very sick. The cane toad stings you!
You are lethally poisoned!
The cane toad poisons you!
* * * LOW HITPOINT WARNING * * *
You feel extremely sick. The cane toad attacks as you move away!
The cane toad stings you!
* * * LOW HITPOINT WARNING * * *
You die...

................. ....
......††.......... ....
......†........... ##...
..................##....
....................P<..
..............†........#
.........@............##
......###...#.........##
......<@#F.####.........
.#........## #.........
#........## ##........
#.........## #.........
#..........#####P......
###.........##.##......
##..........# ###....
##........#### ###..
##..........# ##.


There were no monsters in sight!

Vanquished Creatures
  A centaur warrior (D:10)
  4 two-headed ogres
  Amaemon (Lair:1)
  Pikel (D:4)
  A manticore (D:11)
  A cyclops (D:11)
  6 elephants (Lair:2)
  A torpor snail (Lair:1)
  A black mamba (Lair:2)
  An orange demon (Lair:1)
  3 rime drakes
  3 cane toads
  A komodo dragon (Lair:1)
  A troll (D:10)
  5 polar bears (Lair:1)
  A hornet (D:9)
  8 blink frogs (Lair:1)
  A shadow (D:11)
  2 wraiths
  40 yaks
  2 wyverns (Lair:1)
  A vampire (D:10)
  A basilisk (Lair:2)
  3 steam dragons
  6 vampire mosquitoes
  An acid dragon (D:8)
  6 water moccasins
  4 orc warriors
  3 sky beasts
  6 black bears (Lair:1)
  An ice beast (D:6)
  An ogre (D:5)
  5 wolves (Lair:1)
  6 centaurs
  2 phantoms
  2 kobold brigands
  Blork the orc (D:3)
  5 bullfrogs
  A gnoll sergeant (D:10)
  2 scorpions (D:6)
  5 wights (D:7)
  Dowan (D:5)
  11 killer bees
  The ghost of qborf the Vexing, a weakling MeHs (D:4)
  7 howler monkeys
  2 centaur zombies (Ossuary)
  5 jellies (D:6)
  4 hounds
  2 gnoll boudas
  5 orc priests
  A human zombie (Ossuary)
  An iguana (D:5)
  10 orc wizards
  4 sleepcaps
  6 mummies (Ossuary)
  11 gnolls
  9 adders
  A shadow imp (D:7)
  3 white imps
  14 dart slugs
  26 orcs
  10 ball pythons
  2 bats
  6 endoplasms
  5 giant cockroaches
  A gnoll zombie (Ossuary)
  2 goblins
  8 hobgoblins
  2 jackals (D:2)
  2 quokkas
  7 frilled lizards
  2 goblin zombies (Ossuary)
  A hobgoblin zombie (Ossuary)
  13 kobolds
  An orc zombie (Ossuary)
  4 rats
337 creatures vanquished.

Vanquished Creatures (collateral kills)
  Duvessa (D:5)
  A killer bee (D:10)
2 creatures vanquished.

Vanquished Creatures (others)
  A troll (D:10)
  A centaur (D:10)
  A lemure (D:4)
  4 killer bees (D:10)
  An adder (D:4)
  2 fungi
  17 plants
27 creatures vanquished.

Grand Total: 366 creatures vanquished

Notes
Turn   | Place    | Note
-------+----------+-------------------------------------------
     0 | D:1      | sanka the Deep Elf Artificer began the quest for the Orb.
     0 | D:1      | Reached XP level 1. HP: 11/11 MP: 3/3
   450 | D:1      | Reached skill level 1 in Spellcasting
   450 | D:1      | Reached XP level 2. HP: 16/16 MP: 5/5
   452 | D:1      | Learned a level 1 spell: Shock
   559 | D:1      | Reached skill level 1 in Conjurations
   600 | D:1      | Reached skill level 1 in Air Magic
  1128 | D:2      | Found a faded altar of an unknown god.
  1149 | D:2      | Reached XP level 3. HP: 20/20 MP: 7/7
  2020 | D:3      | Reached XP level 4. HP: 10/24 MP: 9/9
  2089 | D:3      | Found Ratoleal's Distillery.
  2123 | D:3      | Bought a potion of heal wounds for 55 gold pieces
  2123 | D:3      | Bought a potion of curing for 33 gold pieces
  2123 | D:3      | Bought a potion of degeneration for 11 gold pieces
  2303 | D:3      | Learned a level 3 spell: Stone Arrow
  2774 | D:4      | Found the +5 robe of Misfortune {Harm *Corrode *Slow EV+5}
  2776 | D:4      | Found a runed translucent door.
  2845 | D:4      | Reached XP level 5. HP: 18/28 MP: 8/11
  2941 | D:4      | Noticed qborf's ghost (weakling MeHs)
  2949 | D:4      | Noticed a phantom
  2952 | D:4      | Noticed Blork the orc
  2954 | D:4      | Found Ricsyejosh's Assorted Antiques.
  3060 | D:3      | Killed Blork the orc
  3061 | D:3      | Reached skill level 1 in Earth Magic
  3112 | D:4      | Killed a phantom
  3113 | D:4      | Reached XP level 6. HP: 33/33 MP: 9/13
  3239 | D:4      | Found a runed translucent door.
  3291 | D:4      | Found Seacus's Magic Scroll Shop.
  3330 | D:4      | Found Eruprut's Jewellery Shop.
  3373 | D:4      | Found a shimmering blue altar of Sif Muna.
  3375 | D:4      | Found an opulent altar of Gozag.
  3482 | D:4      | Noticed Pikel
  3508 | D:4      | Killed Pikel
  3509 | D:4      | Reached skill level 5 in Conjurations
  3509 | D:4      | Reached XP level 7. HP: 12/37 MP: 13/16
  3734 | D:3      | Bought a potion of haste for 110 gold pieces
  3809 | D:4      | Killed qborf's ghost
  3934 | D:5      | Entered Level 5 of the Dungeon
  4163 | D:5      | Reached skill level 5 in Spellcasting
  4439 | D:5      | Reached skill level 5 in Earth Magic
  4439 | D:5      | Reached XP level 8. HP: 42/42 MP: 8/17
  5060 | D:5      | Noticed Dowan
  5061 | D:5      | Noticed Duvessa
  5078 | D:5      | Killed Duvessa
  5249 | D:5      | Killed Dowan
  5289 | D:5      | Learned a level 2 spell: Passwall
  5293 | D:5      | Learned a level 3 spell: Swiftness
  5389 | D:6      | Found a sand-covered staircase.
  5396 | Ossuary  | Entered an ossuary
  5751 | D:6      | Found a staircase to the Ecumenical Temple.
  5785 | Temple   | Entered the Ecumenical Temple
  5924 | Temple   | Became a worshipper of Vehumet
  6141 | D:6      | Reached XP level 9. HP: 39/46 MP: 9/22
  6184 | D:6      | Reached skill level 1 in Fighting
  6186 | D:6      | Reached skill level 3 in Dodging
  6370 | D:6      | Identified the +1 robe of Lekaduta {rF++ Will+ Str-2
                  | Archmagi}
  6755 | D:7      | Reached skill level 4 in Dodging
  6890 | D:7      | Reached * piety under Vehumet
  6890 | D:7      | Offered knowledge of Freeze by Vehumet.
  6891 | D:7      | Reached skill level 5 in Dodging
  6915 | D:7      | Reached skill level 6 in Dodging
  6997 | D:7      | Reached skill level 7 in Dodging
  7090 | D:7      | Found a broken altar of Ashenzari.
  7238 | D:7      | Reached skill level 8 in Dodging
  7572 | D:7      | Reached XP level 10. HP: 56/56 MP: 21/24
  7598 | D:7      | Identified the +1 robe of Claustrophobia {Int+3}
  7996 | D:8      | Reached skill level 9 in Dodging
  8042 | D:8      | Found Beigess's Distillery.
  8193 | D:8      | Offered knowledge of Momentum Strike by Vehumet.
  8204 | D:8      | Reached ** piety under Vehumet
  8658 | D:8      | Reached skill level 10 in Dodging
  8771 | D:9      | Identified the +9 flail of the Owl {heavy, *Corrode Dex+3
                  | Stlth+}
  8823 | D:9      | Noticed a two-headed ogre
  8830 | D:9      | Killed a two-headed ogre
  8831 | D:9      | Reached skill level 5 in Fighting
  8960 | D:9      | Found a snail-covered altar of Cheibriados.
  9074 | D:9      | Reached skill level 11 in Dodging
  9582 | D:9      | Found a sacrificial altar of Ru.
  9603 | D:9      | Reached skill level 12 in Dodging
  9753 | D:10     | Entered Level 10 of the Dungeon
  9757 | D:10     | Noticed a centaur warrior
  9767 | D:10     | Killed a centaur warrior
  9768 | D:10     | Reached XP level 11. HP: 38/64 MP: 14/25
 10019 | D:10     | Offered knowledge of Inner Flame by Vehumet.
 10140 | D:10     | Noticed a two-headed ogre
 10168 | D:10     | Killed a two-headed ogre
 10296 | D:10     | Reached skill level 13 in Dodging
 10546 | D:10     | Found a shimmering altar of Xom.
 10661 | D:10     | Reached *** piety under Vehumet
 10813 | D:11     | Noticed a two-headed ogre
 10818 | D:11     | Killed a two-headed ogre
 10943 | D:11     | Found a staircase to the Lair.
 10952 | D:11     | Identified the +2 helmet "Kicajuc" {Stlth+}
 10969 | D:11     | Noticed a two-headed ogre
 10976 | D:11     | Killed a two-headed ogre
 10977 | D:11     | Reached skill level 14 in Dodging
 11861 | D:11     | Offered knowledge of Flame Wave by Vehumet.
 11882 | D:11     | Learned a level 4 spell: Flame Wave
 11994 | Lair:1   | Entered Level 1 of the Lair of Beasts
 12008 | Lair:1   | Reached skill level 15 in Dodging
 12181 | Lair:1   | Noticed Amaemon
 12403 | Lair:1   | Reached XP level 12. HP: 73/73 MP: 19/26
 12433 | Lair:1   | Reached **** piety under Vehumet
 12565 | Lair:1   | Offered knowledge of Mephitic Cloud by Vehumet.
 12718 | Lair:1   | Reached skill level 10 in Fighting
 12718 | Lair:1   | Reached skill level 1 in Fire Magic
 13418 | Lair:1   | Identified the +7 flail "Tattletale" {freeze, *Corrode
                  | rElec rF++}
 13667 | Lair:1   | Killed Amaemon
 13668 | Lair:1   | Reached skill level 5 in Fire Magic
 14305 | Lair:2   | Noticed Erica
 14318 | Lair:2   | HP: 3/77 [cane toad (14)]
 14318 | Lair:2   | Succumbed to a cane toad's poison

Illustrated notes

Levels and vault maps discovered:
D:1:      co_arrival_square_in_a_square_in_a_square, layout_loops_corners,
          corner_web_ring
D:2:      layout_loops_ring, chequers_ecumenical_altar_island,
          chequers_big_river
D:3:      layout_basic, serial_shops, nicolae_shop_industrial_runoff
D:4:      layout_basic, chequers_temple_overflow_statue_of_worship,
          ebering_ghost_sewer_f, serial_shops, nicolae_shop_crystal, shop,
          nicolae_diamond_shop, serial_corexii_hall, corexii_hall_statues_l,
          chequers_hall_statues_wall_a, uniq_blork_the_orc, uniq_pikel
D:5:      kennysheep_slugbush, layout_gridville, minmay_lizard_king,
          uniq_duvessa
D:6:      layout_basic, minmay_temple_entry_gardened_gates,
          nicolae_ossuary_entry_ruins
D:7:      layout_basic, ashenzari_conservatory_becter, hellmonk_no_cap
D:8:      layout_loops_cross, serial_shops, nicolae_shop_tiny_waterfront
D:9:      layout_cave_pods, lemuel_doored_altar, overflow_temple_1_default
D:10:     layout_basic, xom_confusion_cloud
D:11:     layout_cave_pods, lair_entry_dummy, kennysheep_minor_cross
Temple:   nicolae_temple_elliptical
Lair:1:   beast_lair_carwin_large_3, layout_layer_cave,
          chequers_serial_rivers_large_a, st_stairs_11, uniq_amaemon
Lair:2:   layout_hall_layers, spider_nest_entry_web_field,
          gammafunk_ghost_hydra_chop, lemuel_fruit_fields, uniq_erica

Skill      XL: |  1  2  3  4  5  6  7  8  9 10 11 12 |
---------------+-------------------------------------+-----
Spellcasting   | 1 2 3 4 5 7 8 |  8.0
Conjurations   | 1 2 3 4 5 6 9 |  9.0
Air Magic      | 1 2 3 |  3.0
Earth Magic    | 2 4 5 |  5.0
Fighting       | 3 6 8 10 | 10.0
Dodging        | 8 12 15 | 15.0
Fire Magic     | 8 |  8.8
Armour         | |  0.7
Stealth        | |  1.2
Evocations     | |  3.4

Action                     |  1- 3 |  4- 6 |  7- 9 | 10-12 || total
---------------------------+-------+-------+-------+-------++-------
  Melee: Club              |    27 |       |       |       ||    27
         Trident           |   108 |    27 |     2 |       ||   137
         Punch             |     1 |       |     1 |       ||     2
         Staff             |       |       |     5 |     7 ||    12
   Cast: Shock             |       |    53 |   102 |    45 ||   200
         Stone Arrow       |       |       |   121 |   263 ||   384
         Flame Wave        |       |       |       |    20 ||    20
  Evoke: Wand              |    16 |     7 |     5 |    14 ||    42
    Use: Scroll            |       |     1 |     1 |     6 ||     8
         Potion            |       |     1 |       |     1 ||     2
   Stab: Sleeping          |     7 |       |       |       ||     7
         Distracted        |       |       |     1 |       ||     1
 Armour: Leather armour    |    34 |       |     5 |       ||    39
         Robe              |       |     9 |    13 |    32 ||    54
  Dodge: Dodged            |   118 |    41 |    62 |   197 ||   418
